 Dungeon Crawl Stone Soup version 0.29-a0-338-g1ff7896281 (webtiles) character file.

Game seed: 11904499787582682126

58662 avis the Brawler (level 14, -16/130 HPs)
             Began as a Hill Orc Monk on Apr 17, 2022.
             Was a High Priest of Beogh.
             Demolished by a spriggan rider
             ... wielding a +2 antimagic trident
              (21 damage)
             ... on level 6 of the Lair of Beasts on Apr 18, 2022.
             The game lasted 03:09:35 (28067 turns).

avis the Brawler (Hill Orc Monk)                   Turns: 28067, Time: 03:09:36

Health: -16/130    AC: 14    Str: 25    XL:     14   Next: 91%
Magic:  1/23       EV: 12    Int: 10    God:    Beogh [*****.]
Gold:   1238       SH:  0    Dex: 13    Spells: 8/25 levels left

rFire   . . .      SeeInvis .     - Unarmed
rCold   . . .      Faith    .   (shield currently unavailable)
rNeg    . . .      Spirit   .   H - +0 acid dragon scales
rPois   .          Reflect  .   s - +2 helmet
rElec   .          Harm     .   m - +1 cloak
rCorr   +          Rampage  +   (gloves currently unavailable)
Will    +....                   D - +2 pair of boots {rampage}
Stlth   +.........              g - amulet of magic regeneration
HPRegen 0.31/turn               c - +6 ring of strength
MPRegen 0.58/turn               I - ring of wizardry

@: blade hands, very slightly contaminated
A: walk on water
a: End Transformation, Renounce Religion, Smiting, Recall Orcish Followers, Give
Item to Named Follower


You were on level 6 of the Lair of Beasts.
You worshipped Beogh.
Beogh was extremely pleased with you.
You had blades for hands.
You visited 3 branches of the dungeon, and saw 19 of its levels.
You also visited: Bailey.

You collected 1905 gold pieces.
You spent 667 gold pieces at shops.

Inventory:

Hand Weapons
 a - the +3 rapier of Causality (melded) {freeze, Int+6}
   (You found it on level 1 of the Lair of Beasts)

   It freezes those it strikes, dealing additional cold damage.
   It can also slow down cold-blooded creatures.
   Int:       It affects your intelligence (+6).
 t - a +0 spear
 T - a +2 longbow of flaming
 V - the +4 long sword of Summer {chaos, Will+ Int+3}
   (You found it on level 6 of the Lair of Beasts)

   Each time it hits an enemy it has a different, random effect.
   Int:       It affects your intelligence (+3).
   Will:      It increases your willpower.
Missiles
 n - 2 atropa-tipped darts (quivered)
Armour
 m - a +1 cloak (worn)
 s - a +2 helmet (worn)
 z - a +0 chain mail
 D - a +2 pair of boots of rampaging (worn)
 H - +0 acid dragon scales (worn)
 N - a +1 pair of gloves (melded)
 O - a +0 plate armour
 Q - a +0 plate armour
Jewellery
 c - a +6 ring of strength (left blade hand)
 g - an amulet of magic regeneration (around neck)
 k - a ring of positive energy
 p - a ring of protection from fire
 F - a +4 ring of evasion
 I - a ring of wizardry (right blade hand)
 M - a ring of protection from cold
 P - a ring of see invisible
Wands
 q - a wand of polymorph (5)
 A - a wand of paralysis (5)
 S - a wand of flame (20)
Scrolls
 d - 6 scrolls of fog
 e - 9 scrolls of teleportation
 j - 3 scrolls of identify
 u - 3 scrolls of blinking
 v - a scroll of magic mapping
 w - a scroll of immolation
 C - 5 scrolls of fear
 G - a scroll of enchant weapon
 R - 2 scrolls of holy word
 U - a scroll of amnesia
 X - a scroll of summoning
Potions
 i - 3 potions of berserk rage
 l - 7 potions of curing
 o - 2 potions of lignification
 r - 6 potions of brilliance
 x - 3 potions of might
 y - 6 potions of ambrosia
 B - 3 potions of haste
 E - 2 potions of magic
 J - a potion of mutation
 L - a potion of flight
Miscellaneous
 f - a phial of floods
 h - a box of beasts
 K - a lightning rod (4/4)


   Skills:
 + Level 13.8 Fighting
 - Level 2.4 Dodging
 - Level 1.5 Stealth
 - Level 17.0 Unarmed Combat
 - Level 6.0 Spellcasting
 * Level 11.0 Transmutations
 - Level 4.0 Ice Magic
 - Level 5.0 Invocations


You had 8 spell levels left.
You knew the following spells:

 Your Spells              Type           Power      Damage    Failure   Level
c - Passwall              Tmut/Erth      11%        N/A       12%         2
o - Ozocubu's Armour      Ice            11%        N/A       26%         3
B - Blade Hands           Tmut           12%        N/A       17%         5
D - Dragon Form           Tmut           12%        N/A       89%         7

Your spell library contained the following spells:

 Spells                   Type           Power      Damage    Failure   Level
 Ensorcelled Hibernation  Hex/Ice        14%        N/A       28%         2
 Ignite Poison            Fire/Tmut/Pois 10%        N/A       28%         3
 Animate Skeleton         Necr           6%         N/A       36%         1
 Pain                     Necr           12%        1d4       36%         1
 Confusing Touch          Hex            3%         N/A       61%         3
 Conjure Flame            Conj/Fire      3%         6-21      61%         3
 Portal Projectile        Hex/Tloc       6%         N/A       61%         3
 Swiftness                Air            3%         N/A       61%         3
 Tukima's Dance           Hex            3%         N/A       61%         3
 Vampiric Draining        Necr           3%         2d6       61%         3
 Anguish                  Hex/Necr       1%         N/A       89%         4
 Cause Fear               Hex            1%         N/A       89%         4
 Sticky Flame             Conj/Fire      3%         2d3       89%         4
 Summon Lightning Spire   Summ/Air       3%         N/A       89%         4
 Metabolic Englaciation   Hex/Ice        3%         N/A       93%         5
 Excruciating Wounds      Necr           1%         N/A       99%         5
 Enfeeble                 Hex            1%         N/A       100%        7
 Ozocubu's Refrigeration  Ice            5%         4d6       100%        7
 Storm Form               Tmut/Air       7%         N/A       100%        7
 Maxwell's Capacitive Co  Air            1%         ∞         100%        8
 Dragon's Call            Summ           1%         N/A       100%        9


Dungeon Overview and Level Annotations

Branches:
Dungeon (12/15)            Temple (1/1) D:5            Lair (6/6) D:8
 Shoals (0/4) Lair:4        Snake (0/4) Lair:2        Slime (0/5) Lair:5
    Orc (0/2) D:12         Bailey (visited)

Altars:
Fedhas
Makhleb
Sif Muna
Trog
Xom
Jiyva

Shops:
D:1 [   D:3 *   D:5 (   D:6 *

Annotations:
Lair:6 1 transporter


Message History

You slice spaghetti's ghost!! Your slash misses spaghetti's ghost.
Spaghetti's ghost is moderately damaged.
The spriggan rider hits you from afar with a +2 antimagic trident!!
You feel your power leaking away.
Spaghetti's ghost hits you but does no damage.
Space warps horribly around you!
* * * LOW HITPOINT WARNING * * *
The spriggan rider hits you from afar with a +2 antimagic trident!!
* * * LOW HITPOINT WARNING * * *
You feel much better.
The moth of wrath goads the spriggan rider on!
The spriggan rider goes berserk!
The spriggan rider hits you from afar with a +0 antimagic trident!!
* * * LOW HITPOINT WARNING * * *
Argrim hits the spriggan rider from afar with a +0 vorpal spear!!
The spriggan rider barely misses you. Spaghetti's ghost hits you.
* * * LOW HITPOINT WARNING * * *
You blink.
You feel much better.
The spriggan rider hits you with a +0 antimagic trident.
* * * LOW HITPOINT WARNING * * *
Learuk hits spaghetti's ghost from afar with the +8 spear of the Beloved God {vorpal, rN+ Str+2 Stlth+}!
Argrim hits the spriggan rider from afar with a +0 vorpal spear!
The spriggan rider misses you.
The spriggan rider hits you with a +0 antimagic trident!!
* * * LOW HITPOINT WARNING * * *
You feel your power leaking away.
Okay, then.
Blink to where?
Press: ? - help, Dir - move target
As you read the scroll of blinking, it crumbles to dust.
Learuk hits spaghetti's ghost from afar with the +8 spear of the Beloved God {vorpal, rN+ Str+2 Stlth+}!!!
The spriggan rider rages.
Argrim hits spaghetti's ghost with a +0 vorpal spear.
Spaghetti's ghost hits Argrim!
Space warps around Argrim.
Something hits spaghetti's ghost.
Spaghetti's ghost is destroyed!
Beogh accepts your kill.
The spriggan rider hits you from afar with a +2 antimagic trident!!
You die...

##..[.#..##.....#...#
##...##..#≈.o...##..##
#....#...#)o)....#.(.#
##...#....._§##..#..##
#....#..##[y§≈#..#..##
##....##.#≈#..##?##...#
#......#####ii#.##....#
##.....###......##...##
#.P....###.©@###...##
##.....).#####.....#
##........©.....###
##............P#
##........##.##
###.#.####### #####


You could see 2 spriggan riders, a moth of wrath and the friendly Argrim the orc
knight (strong).

Vanquished Creatures
  Gastronok (Lair:1)
  An orc warlord (Bailey)
  Nessos (Lair:6)
  3 hydras
  3 boulder beetles
  2 catoblepae (Lair:6)
  3 two-headed ogres
  A death knight (D:12)
  4 death yaks (Lair:6)
  A skeletal warrior (D:12)
  2 phantasmal warriors (D:12)
  An oklob plant (Lair:5)
  A manticore (Lair:6)
  2 elephants (Lair:5)
  4 black mambas
  A torpor snail (Lair:6)
  7 cane toads
  Maurice (D:9)
  2 gargoyles (D:11)
  A freezing wraith (D:12)
  2 unseen horrors
  14 rime drakes
  A polar bear (Lair:6)
  5 komodo dragons
  4 trolls
  3 blink frogs (Lair:5)
  33 yaks
  A spriggan (Lair:6)
  A vampire (D:11)
  A wraith (D:8)
  8 wyverns
  Grum (D:11)
  3 basilisks
  6 steam dragons (Lair:3)
  3 nagas (Lair:2)
  4 acid dragons
  11 water moccasins
  Duvessa (D:5)
  4 black bears
  4 sky beasts
  4 ice beasts (D:7)
  8 orc warriors
  16 wolves
  8 centaurs
  A phantom (D:7)
  4 kobold brigands
  16 bullfrogs
  A necrophage (D:7)
  5 scorpions
  Dowan (D:5)
  9 wights
  6 killer bees (D:9)
  5 jellies
  8 howler monkeys
  4 electric eels
  9 hounds
  2 orc priests (D:9)
  A gnoll shaman (D:8)
  2 iguanas
  7 orc wizards
  5 gnolls
  6 adders
  4 shadow imps
  2 ufetubi (D:4)
  2 worms
  3 dart slugs
  31 orcs
  15 bats
  2 endoplasms (D:4)
  5 giant cockroaches
  7 goblins
  12 hobgoblins
  4 jackals (D:3)
  26 kobolds
  2 quokkas
  15 ball pythons
  3 frilled lizards
  5 rats
418 creatures vanquished.

Vanquished Creatures (collateral kills)
  The ghost of spaghetti the Basher, a journeyman DsBe of Trog (Lair:6)
  3 hydras
  A boulder beetle (Lair:6)
  A catoblepas (Lair:6)
  3 death yaks (Lair:6)
  A manticore (Lair:6)
  3 elephants (Lair:5)
  2 black mambas
  2 cane toads
  A rime drake (Lair:4)
  A kobold demonologist (D:11)
  A komodo dragon (Lair:6)
  2 blink frogs (Lair:5)
  2 spriggans (Lair:6)
  14 yaks
  2 steam dragons (Lair:3)
  A naga (Lair:2)
  2 acid dragons
  2 water moccasins (Lair:6)
  An orc warrior (D:9)
  3 wolves (Lair:5)
  A kobold brigand (D:11)
  A bullfrog (Lair:4)
  2 kobolds (D:11)
53 creatures vanquished.

Vanquished Creatures (others)
  A bullfrog (Lair:3)
  An orc priest (D:12)
  An orc wizard (D:12)
  9 orcs
  A kobold (D:8)
  18 fungi
  27 plants
58 creatures vanquished.

Grand Total: 529 creatures vanquished

Notes
Turn   | Place    | Note
-------+----------+-------------------------------------------
     0 | D:1      | avis the Hill Orc Monk began the quest for the Orb.
     0 | D:1      | Reached XP level 1. HP: 19/19 MP: 1/1
   333 | D:1      | Found a faded altar of an unknown god.
   349 | D:1      | Found Ytucofo's Antique Armour Emporium.
   371 | D:1      | Reached XP level 2. HP: 23/27 MP: 2/2
   761 | D:1      | Reached skill level 4 in Unarmed Combat
  1037 | D:1      | Reached XP level 3. HP: 25/33 MP: 3/3
  1643 | D:2      | Got the Almanac of Malediction
  1675 | D:2      | Found a shimmering blue altar of Sif Muna.
  2078 | D:2      | You fall into a shaft and drop 2 floors!
  2079 | D:4      | Noticed a scorpion
  2785 | D:1      | Bought an embroidered robe for 96 gold pieces
  2893 | D:3      | Reached XP level 4. HP: 41/41 MP: 4/4
  3192 | D:3      | Reached skill level 5 in Unarmed Combat
  3208 | D:3      | Reached XP level 5. HP: 41/47 MP: 5/5
  3350 | D:3      | Found Haacwu's General Store.
  3445 | D:3      | Reached skill level 5 in Fighting
  4003 | D:3      | Bought a scroll of identify for 26 gold pieces
  4144 | D:4      | Reached skill level 6 in Unarmed Combat
  4499 | D:4      | Reached XP level 6. HP: 42/56 MP: 6/6
  4871 | D:4      | Learned a level 3 spell: Ozocubu's Armour
  5024 | D:1      | Bought a pair of glowing boots for 195 gold pieces
  5462 | D:5      | Entered Level 5 of the Dungeon
  5462 | D:5      | Noticed Duvessa
  5462 | D:5      | Noticed Dowan
  5882 | D:5      | Found a burning altar of Makhleb.
  6049 | D:5      | Noticed a black bear
  6059 | D:5      | Killed a black bear
  6060 | D:5      | Reached skill level 1 in Spellcasting
  6060 | D:5      | Reached XP level 7. HP: 53/62 MP: 7/9
  6169 | D:5      | Found a staircase to the Ecumenical Temple.
  6178 | Temple   | Entered the Ecumenical Temple
  6279 | D:5      | Reached skill level 1 in Ice Magic
  6383 | D:5      | Reached skill level 7 in Unarmed Combat
  6410 | D:5      | Found Netosao's Antique Weapon Emporium.
  6682 | D:5      | Killed Duvessa
  6819 | D:5      | Killed Dowan
  6820 | D:5      | Reached XP level 8. HP: 64/71 MP: 9/11
  7320 | D:6      | Reached skill level 8 in Unarmed Combat
  7880 | D:6      | Found Anegg's Assorted Antiques.
  8680 | D:7      | Reached skill level 9 in Unarmed Combat
  8680 | D:7      | Reached XP level 9. HP: 79/79 MP: 10/13
  9106 | D:7      | Learned a level 7 spell: Dragon Form
  9353 | D:7      | Noticed a boulder beetle
  9388 | D:7      | Reached skill level 1 in Transmutations
  9461 | D:7      | Killed a boulder beetle
  9462 | D:7      | Reached skill level 10 in Unarmed Combat
  9807 | D:7      | Reached XP level 10. HP: 75/90 MP: 14/14
 10808 | D:1      | Bought a transparent robe for 148 gold pieces
 10808 | D:1      | Identified the +1 robe of Cloud Cover {Harm rC+} (You
                  | bought it in a shop on level 1 of the Dungeon)
 11071 | D:8      | Reached skill level 11 in Unarmed Combat
 11556 | D:8      | Found a flagged portal.
 11592 | D:8      | Became a worshipper of Beogh the Brigand
 11592 | D:8      | Reached * piety under Beogh
 11592 | D:8      | Reached ** piety under Beogh
 11610 | Bailey   | Entered a bailey
 11634 | Bailey   | Noticed an orc warlord
 11634 | Bailey   | Identified a scroll of acquirement
 12074 | Bailey   | Found a runed translucent gate.
 12075 | Bailey   | Found a runed translucent gate.
 12077 | Bailey   | Found a runed translucent gate.
 12173 | Bailey   | Killed an orc warlord
 12202 | Bailey   | Acquired a book of Weapons
 12210 | Bailey   | Learned a level 5 spell: Blade Hands
 12468 | D:8      | Reached skill level 12 in Unarmed Combat
 12489 | D:8      | Found a staircase to the Lair.
 12503 | D:8      | Identified the +9 short sword of the Screaming Fulmar
                  | {vorpal, rPois Str+2}
 12881 | D:8      | Reached skill level 10 in Fighting
 12881 | D:8      | Reached skill level 5 in Transmutations
 12881 | D:8      | Reached XP level 11. HP: 92/99 MP: 9/15
 12970 | D:8      | Identified the +8 spear of the Beloved God {vorpal, rN+
                  | Str+2 Stlth+}
 13304 | D:8      | Reached *** piety under Beogh
 13690 | Lair:1   | Entered Level 1 of the Lair of Beasts
 14270 | Lair:1   | Found a shimmering altar of Xom.
 14573 | Lair:1   | Noticed Gastronok
 14582 | Lair:1   | Killed Gastronok
 14583 | Lair:1   | Reached skill level 13 in Unarmed Combat
 14583 | Lair:1   | Reached skill level 5 in Invocations
 15634 | Lair:1   | Reached XP level 12. HP: 108/108 MP: 18/21
 15884 | D:6      | Bought a fuming emerald potion for 17 gold pieces
 15884 | D:6      | Bought a sedimented orange potion for 17 gold pieces
 15966 | D:3      | Bought a scroll of identify for 26 gold pieces
 16048 | D:6      | Bought a scroll of blinking for 142 gold pieces
 16857 | D:9      | Noticed a two-headed ogre
 16866 | D:9      | Killed a two-headed ogre
 17001 | D:9      | Reached **** piety under Beogh
 17394 | D:9      | Reached XP level 13. HP: 112/116 MP: 18/22
 17448 | D:9      | Noticed Maurice
 17461 | D:9      | Killed Maurice
 17461 | D:9      | Gained Argrim as an ally
 17560 | D:9      | Identified the +4 flail of Imminent Death {spect, *Rage
                  | MP+9 Dex+3}
 18014 | Lair:1   | Identified the +3 rapier of Causality {freeze, Int+6}
 18061 | D:10     | Entered Level 10 of the Dungeon
 18472 | D:10     | Reached skill level 14 in Unarmed Combat
 20304 | Lair:2   | Found a staircase to the Snake Pit.
 20898 | D:11     | Gained Learuk as an ally
 21652 | D:11     | Noticed Grum
 21658 | D:11     | Killed Grum
 22470 | D:12     | Found a staircase to the Orcish Mines.
 22497 | D:12     | Reached skill level 15 in Unarmed Combat
 22504 | D:12     | Reached ***** piety under Beogh
 22701 | Lair:1   | Learned a level 2 spell: Passwall
 23131 | Lair:3   | Found a blossoming altar of Fedhas.
 23612 | Lair:3   | Reached XP level 14. HP: 44/127 MP: 15/23
 24845 | Lair:4   | Found a staircase to the Shoals.
 25847 | Lair:5   | Reached skill level 16 in Unarmed Combat
 26029 | Lair:5   | Reached skill level 10 in Transmutations
 26662 | Lair:5   | Found a viscous altar of Jiyva.
 26662 | Lair:5   | Found a staircase to the Slime Pits.
 26923 | Lair:6   | Entered Level 6 of the Lair of Beasts
 26966 | Lair:6   | Noticed spaghetti's ghost (journeyman DsBe)
 27043 | Lair:6   | Noticed Nessos
 27051 | Lair:6   | Killed Nessos
 27085 | Lair:6   | Found a transporter.
 27089 | Lair:6   | Found a transporter.
 27106 | Lair:6   | Found a bloodstained altar of Trog.
 27636 | Lair:6   | Reached skill level 17 in Unarmed Combat
 27780 | Lair:6   | Identified the +4 long sword of Summer {chaos, Will+ Int+3}
 28065 | Lair:6   | HP: 4/130 [spriggan rider/+0 antimagic trident (33)]
 28067 | Lair:6   | Killed spaghetti's ghost
 28067 | Lair:6   | Demolished by a spriggan rider

Illustrated notes

Levels and vault maps discovered:
D:1:      minmay_arrival_jagged, layout_basic, ebering_ecumenical_altar_mist,
          serial_shops, shop
D:2:      layout_loops_cross, basic_altar
D:3:      layout_basic, serial_shops, nicolae_shop_crystal
D:4:      layout_basic, nzn_random_ring
D:5:      layout_loops_corners, kennysheep_mini_moat,
          minmay_temple_entry_stoned_glass, serial_shops, nicolae_diamond_shop,
          minmay_misc_feat_cross, minmay_statues_item, uniq_duvessa
D:6:      layout_loops_cross, serial_shops, shop
D:7:      hellmonk_destroyed_diamonds, layout_basic
D:8:      layout_basic, erik_lair_island, enter_bailey_4, roderic_batcave
D:9:      layout_gridville, kennysheep_generic_room_15, uniq_maurice
D:10:     layout_irregular_city
D:11:     layout_loops_cross, uniq_grum
D:12:     layout_loops_ring, orc_0_dummy, grunt_decor_cap, slow_altar_1
Temple:   roderic_octagonal_lattice_temple
Lair:1:   layout_roguey, basic_altar, grunt_megastairs_1, uniq_gastronok
Lair:2:   layout_regular_city, minmay_snake_entry_guardpost_medium,
          lemuel_fruit_tree, serial_bayou_shore_a
Lair:3:   layout_concentric_octagons, basic_altar, bobbens_dragon_lair_wall
Lair:4:   layout_regular_city, minmay_shoals_entry_centaurs
Lair:5:   layout_roguey, dpeg_slime_entry_enclosed_altar,
          infiniplex_staircase_pool_2
Lair:6:   evilmike_catoblepas_cave, layout_cave_shapes,
          gammafunk_ghost_wrathful_warriors, uniq_nessos

Skill      XL: |  1  2  3  4  5  6  7  8  9 10 11 12 13 14 |
---------------+-------------------------------------------+-----
Fighting       | 4 5 6 7 8 10 11 12 13 | 13.8
Unarmed Combat | 4 5 6 7 9 10 12 13 15 17 | 17.0
Spellcasting   | 1 2 3 6 |  6.0
Ice Magic      | 3 4 |  4.0
Transmutations | 3 5 7 9 11 | 11.0
Invocations    | 3 5 |  5.0
Dodging        | |  2.4
Stealth        | |  1.5

Action                   |  1- 3 |  4- 6 |  7- 9 | 10-12 | 13-15 || total
-------------------------+-------+-------+-------+-------+-------++-------
Melee: Unarmed           |   157 |   175 |   227 |   417 |   369 ||  1345
       Punch             |     2 |     9 |     9 |    28 |    27 ||    75
       Rapier            |       |       |       |       |    20 ||    20
 Fire: Hand crossbow     |       |       |    70 |     7 |       ||    77
       Shortbow          |       |       |       |     8 |     1 ||     9
Throw: Dart              |     2 |     8 |     4 |       |       ||    14
       Boomerang         |       |    17 |       |    44 |       ||    61
 Cast: Ozocubu's Armour  |       |       |    22 |    38 |    55 ||   115
       Blade Hands       |       |       |       |     6 |    84 ||    90
Invok: Convert to Beogh  |       |       |       |     1 |       ||     1
       Recall Orcish Fol |       |       |       |       |     7 ||     7
       Give Item to Name |       |       |       |       |     2 ||     2
       Stop Recall       |       |       |       |       |     2 ||     2
 Abil: End Transformatio |       |       |       |       |     1 ||     1
  Use: Scroll            |       |     5 |     1 |    21 |     5 ||    32
       Potion            |       |       |     4 |     5 |     7 ||    16
 Stab: Sleeping          |     4 |     2 |     1 |       |     1 ||     8
       Invisible         |       |       |     2 |       |       ||     2
       Distracted        |       |       |       |     2 |     5 ||     7
Armor: Robe              |    30 |    31 |    86 |   212 |     7 ||   366
       Acid dragon scale |       |       |       |       |   214 ||   214
Dodge: Dodged            |    76 |    80 |   113 |   269 |   241 ||   779

Table legend: (Time is in decaauts)
 A = Elapsed time spent in this place.
 B = Non-inter-level travel time spent in this place.
 C = Inter-level travel time spent in this place.
 D = Time resting spent in this place.
 E = Time spent auto-exploring this place.
 F = Levels seen in this place.
 G = Mean time per level.
                   A        B        C        D        E       F      G
               +--------+--------+--------+--------+--------+-----+--------+
         Total |  27903 |  23967 |   3936 |   8495 |   9380 |  20 | 1395.2 |
       Dungeon |  18552 |  15546 |   3006 |   5674 |   6289 |  12 | 1546.0 |
        Temple |     26 |     20 |      6 |      0 |      0 |   1 |   26.0 |
          Lair |   8679 |   7756 |    923 |   2586 |   3091 |   6 | 1446.5 |
        Bailey |    645 |    645 |      0 |    235 |      0 |   1 |  645.0 |
               +--------+--------+--------+--------+--------+-----+--------+

Top non-repeatable levels by time:
     D:7: 2887 daAuts
  Lair:1: 2253 daAuts
     D:4: 2039 daAuts
     D:8: 1844 daAuts
  Lair:2: 1824 daAuts
     D:1: 1750 daAuts
     D:9: 1653 daAuts
     D:3: 1584 daAuts
  Lair:3: 1505 daAuts
     D:5: 1439 daAuts
     D:6: 1411 daAuts
    D:11: 1396 daAuts
    D:10: 1293 daAuts
  Lair:6: 1110 daAuts
  Lair:5: 1039 daAuts
